 Dungeon Crawl Stone Soup version 0.29.1-12-g30fa7ad0bf (webtiles) character file.

Game seed: 16918726528916298696

1271 Lutefisk the Zephyrmancer (level 8, -1/49 HPs)
             Began as a Tengu Air Elementalist on Dec 18, 2022.
             Killed by divine providence
             ... invoked by an orc priest
              (12 damage)
             ... on level 5 of the Dungeon.
             The game lasted 00:28:05 (2869 turns).

Lutefisk the Zephyrmancer (Tengu Air Elementalist)  Turns: 2869, Time: 00:28:07

Health: -1/49      AC:  2    Str:  8    XL:     8   Next: 53%
Magic:  2/12       EV: 16    Int: 19    God:
Gold:   255        SH: 10    Dex: 14    Spells: 1/11 levels left

rFire   . . .      SeeInvis .   x - +2 short sword (drain)
rCold   . . .      Faith    .   j - +0 buckler
rNeg    . . .      Spirit   .   a - +0 robe
rPois   .          Reflect  +   (helmet restricted)
rElec   .          Harm     .   (no cloak)
rCorr   .          Rampage  .   (no gloves)
Will    .....                   (boots unavailable)
Stlth   ++........              t - amulet of reflection
HPRegen 0.16/turn               (no ring)
MPRegen 0.13/turn               (no ring)

@: flying quickly and evasively, quick
A: beak, talons 3, nimble flight
a: no special abilities


You were on level 5 of the Dungeon.
You visited 1 branch of the dungeon, and saw 6 of its levels.

You collected 255 gold pieces.

Inventory:

Hand Weapons
 g - a +2 dagger of venom
 x - a +2 short sword of draining (weapon)
Missiles
 k - a throwing net
 m - 5 poisoned darts (quivered)
 B - 4 atropa-tipped darts
Armour
 a - a +0 robe (worn)
 j - a +0 buckler (worn)
 q - a +2 ring mail of cold resistance
Jewellery
 s - an amulet of the acrobat
 t - an amulet of reflection (around neck)
Wands
 z - a wand of mindburst (9)
 A - a wand of flame (12)
Scrolls
 c - 5 scrolls of identify {unknown}
 e - 3 scrolls of noise {unknown}
 f - 3 scrolls of teleportation {unknown}
 l - a scroll of vulnerability {unknown}
 n - 2 scrolls of immolation {unknown}
 r - a scroll of magic mapping {unknown}
 u - a scroll of fear {unknown}
 y - a scroll of enchant armour {unknown}
Potions
 b - a potion of magic
 d - 5 potions of curing
 h - a potion of degeneration {unknown}
 i - a potion of berserk rage {unknown}
 o - a potion of mutation {unknown}
 p - a potion of cancellation {unknown}
 v - a potion of attraction {unknown}
 w - a potion of heal wounds {unknown}


   Skills:
 - Level 5.0 Fighting
 - Level 1.0 Throwing
 * Level 3.8 Armour
 * Level 4.6 Dodging
 - Level 2.0 Stealth
 - Level 3.0 Shields
 - Level 2.0 Spellcasting
 - Level 3.0 Conjurations
 - Level 8.0 Air Magic


You had one spell level left.
You knew the following spells:

 Your Spells              Type           Power      Damage    Failure   Level
a - Shock                 Conj/Air       88%        1d8       2%          1
b - Static Discharge      Conj/Air       22%        3-6/arc   3%          2
c - Swiftness             Air            32%        N/A       2%          3
d - Airstrike             Air            16%        2d(3-19)  9%          4

Your spell library contained the following spells:

 Spells                   Type           Power      Damage    Failure   Level
 Magic Dart               Conj           52%        1d5       6%          1
 Mephitic Cloud           Conj/Pois/Air  15%        N/A       16%         3
 Call Imp                 Summ           1%         N/A       32%         2
 Gell's Gravitas          Tloc           1%         N/A       54%         3
 Teleport Other           Tloc           1%         N/A       54%         3
 Iskenderun's Battlesphe  Conj           13%        2d7       87%         5
 Dispersal                Tloc           0%         N/A       100%        6
 Iron Shot                Conj/Erth      3%         9d2       100%        6
 Spellforged Servitor     Conj/Summ      3%         N/A       100%        7


Dungeon Overview and Level Annotations

Branches:
Dungeon (6/15)
 Temple: D:4-7

Altars:
Ru
Vehumet

Shops:
D:3 (   D:5 [


Innate Abilities, Weirdness & Mutations

You have a beak for a mouth.
You have claws for feet.
Your magical nature lets you fly swiftly and evasively.


Message History

The orc is almost dead.
The orc misses you.
You closely miss the orc. You peck the orc.
You kill the orc!
Training target 3.0 for Shields reached!
Your Shields skill increases to level 3!
Casting: Shock (safe; 2% risk of failure)
Confirm with . or Enter, or press ? or * to list all spells.
Aiming: Shock (safe; 2% risk of failure)
Press: ? - help, Shift-Dir - straight line, f - orc
Aim: an orc, wielding a +0 hand axe and wearing a +0 leather armour (74% to hit)
Okay, then.
You barely miss the orc. You peck the orc, but do no damage.
The orc priest calls down the wrath of Beogh upon you.
Beogh smites you! The orc barely misses you. You block the orc's attack.
You hear a shout!
Casting: Shock (safe; 2% risk of failure)
Confirm with . or Enter, or press ? or * to list all spells.
The orc is struck by an arc of lightning!
You kill the orc!
The orc is struck by an arc of lightning.
The orc is almost dead.
You are struck by an arc of lightning.
The lightning grounds out.
The orc is struck by an arc of lightning.
You kill the orc!
You are struck by an arc of lightning.
Casting: Static Discharge (safe; 3% risk of failure)
Confirm with . or Enter, or press ? or * to list all spells.
The orc priest is struck by an arc of lightning!
The orc priest is heavily wounded.
You are struck by an arc of lightning.
* * * LOW HITPOINT WARNING * * *
The orc priest is struck by an arc of lightning.
The orc priest is severely wounded.
You are struck by an arc of lightning.
* * * LOW HITPOINT WARNING * * *
The lightning grounds out.
The orc priest mumbles some strange prayers to Beogh against you.
Beogh smites you!
You die...

#####.#....#
#####..)##########
#.####..##.................
#.# #...o..#####.##########
... ....o## #.##....#...
..# #.....#####....##...##
#.## #..<.......#....##
..######
###..#........#####
.##....# ##o...##.###..<...
#....# #@).###...##.#####
#....# #.#.#...#.##.# #
#....# #.#...###.##.# ###
#....####...#)###....# #..
#.....).[..##...##..## #.#
#.[)....[.#####..#..####.#
###.)..###### #.........#..
#......# #....####.#..
###.....[# #.....###.#)#


You could see an orc priest.

Vanquished Creatures
  Grinder (D:4)
  A black bear (D:5)
  A gnoll sergeant (D:5)
  A necrophage (D:5)
  2 scorpions
  An orc priest (D:6)
  5 hounds
  A jelly (D:4)
  Terence (D:3)
  3 iguanas
  7 orc wizards
  6 gnolls
  7 adders
  A white imp (D:5)
  An ufetubus (D:5)
  5 worms
  2 dart slugs (D:1)
  21 orcs
  4 endoplasms
  A giant cockroach (D:2)
  6 goblins
  9 hobgoblins
  4 jackals (D:3)
  6 quokkas
  6 ball pythons
  5 bats
  3 frilled lizards
  4 kobolds
  3 rats
118 creatures vanquished.

Notes
Turn   | Place    | Note
-------+----------+-------------------------------------------
     0 | D:1      | Lutefisk the Tengu Air Elementalist began the quest for the
                  | Orb.
     0 | D:1      | Reached XP level 1. HP: 10/10 MP: 4/4
   129 | D:1      | Reached skill level 1 in Fighting
   160 | D:1      | Reached XP level 2. HP: 16/16 MP: 4/6
   349 | D:1      | Learned a level 2 spell: Static Discharge
   414 | D:1      | Reached XP level 3. HP: 15/22 MP: 3/7
   636 | D:2      | Reached XP level 4. HP: 6/28 MP: 1/8
   738 | D:2      | Reached skill level 5 in Air Magic
   751 | D:2      | Found a sacrificial altar of Ru.
   970 | D:2      | Gained mutation: Your magical nature lets you fly swiftly
                  | and evasively. [Tengu growth]
   970 | D:2      | Reached XP level 5. HP: 31/32 MP: 3/9
   975 | D:2      | Learned a level 3 spell: Swiftness
  1018 | D:2      | Found a faded altar of an unknown god.
  1134 | D:3      | Found Tiverud's Antique Weapon Shoppe.
  1297 | D:3      | Reached skill level 1 in Armour
  1394 | D:3      | Noticed Terence
  1423 | D:3      | Killed Terence
  1424 | D:3      | Reached skill level 6 in Air Magic
  1610 | D:4      | Reached XP level 6. HP: 38/38 MP: 6/10
  1678 | D:4      | Found a radiant altar of Vehumet.
  1820 | D:4      | Noticed Grinder
  1853 | D:4      | Killed Grinder
  1854 | D:4      | Reached skill level 8 in Air Magic
  1854 | D:4      | Reached XP level 7. HP: 34/43 MP: 1/11
  1861 | D:4      | Learned a level 4 spell: Airstrike
  2017 | D:5      | Entered Level 5 of the Dungeon
  2025 | D:5      | Found Reuggug's Armour Emporium.
  2128 | D:5      | Reached skill level 1 in Throwing
  2251 | D:5      | Reached XP level 8. HP: 26/48 MP: 0/12
  2363 | D:5      | Reached skill level 5 in Fighting
  2372 | D:5      | Reached skill level 1 in Shields
  2869 | D:5      | Killed from afar by an orc priest

Illustrated notes

Levels and vault maps discovered:
D:1:      lightli_arrival_isolated_outpost, layout_basic
D:2:      layout_basic, basic_altar, dilly_ecumenical_altar_fadedgnrine,
          chequers_serial_rivers_micro_b, minmay_tiny_reverse_x
D:3:      layout_basic, serial_shops, nicolae_shop_statue_plus,
          kennysheep_generic_room_10, uniq_terence
D:4:      layout_basic, lemuel_coloured_pillars_altar, uniq_grinder
D:5:      layout_rooms, serial_shops, nicolae_diamond_shop,
          minmay_a_box_with_orc_wizards_in_it
D:6:      layout_rooms, nicolae_uskayaw_suspiria, temple_green, serial_undead,
          serial_undead_b, serial_undead_c, serial_undead_b, serial_undead_c

Skill      XL: |  1  2  3  4  5  6  7  8 |
---------------+-------------------------+-----
Fighting       | 1 2 3 4 5 |  5.0
Conjurations   | 2 3 |  3.0
Air Magic      | 5 6 8 |  8.0
Armour         | 1 3 |  3.8
Dodging        | 4 |  4.6
Throwing       | 1 |  1.0
Shields        | 3 |  3.0
Stealth        | |  2.0
Spellcasting   | |  2.0

Action                   |  1- 3 |  4- 6 |  7- 9 || total
-------------------------+-------+-------+-------++-------
Melee: Whip              |    25 |    23 |     5 ||    53
       Kick              |     5 |     8 |     8 ||    21
       Peck              |     2 |     3 |    11 ||    16
       Short sword       |       |       |    30 ||    30
Throw: Dart              |       |       |     6 ||     6
 Cast: Shock             |    42 |    80 |    76 ||   198
       Static Discharge  |     2 |     5 |     5 ||    12
       Swiftness         |       |     1 |       ||     1
       Airstrike         |       |       |     5 ||     5
  Use: Potion            |       |     2 |       ||     2
 Stab: Sleeping          |     2 |     1 |       ||     3
Armor: Robe              |     5 |     2 |     5 ||    12
Dodge: Dodged            |    26 |    26 |    36 ||    88
Block: Buckler           |       |       |    10 ||    10
